Map: Heavy Artillery LE

Players

Throwfordays

  • Race: Protoss Protoss

Faust

  • Race: Zerg Zerg

Iceman

  • Race: Terran Terran

MsVanG

  • Race: Protoss Protoss
  • League: Gold

VOD

Have the link to the VOD?

Description

Time

  • Played on: April 9, 2021, 5:45 p.m.
  • Length: 6:49
Show
View Real Time Build Order
Export as new Build Order

Throwfordays Protoss 

Build Orders: 1 Gate Expand 

Get SALT Encoding   

  12  0:00  Probe  
  13  0:13  Probe  
  14  0:20  Pylon  
  14  0:25  Probe  
  15  0:39  Gateway  
  15  0:45  Probe  
  16  0:56  Pylon  
  16  0:58  Probe  
  17  1:18  Nexus  
  17  1:36  Assimilator, Zealot  
  19  1:42  Cybernetics Core  
  19  1:45  Probe  
  20  1:57  Probe  
  22  2:22  Probe (Chrono Boost)  
  22  2:26  Assimilator, Warp Gate (Chrono Boost)  
  22  2:30  Probe (Chrono Boost)  
  23  2:40  Adept, Probe (Chrono Boost)  
  23  2:41  Probe (Chrono Boost)  
  27  2:45  Probe (Chrono Boost)  
  28  2:54  Forge  
  28  2:57  Probe  
  29  2:59  Probe  
  30  3:09  Probe  
  30  3:11  Probe  
  32  3:22  Probe  
  32  3:23  Probe  
  32  3:26  Stargate  
  34  3:33  Assimilator  
  34  3:35  Probe (Chrono Boost)  
  34  3:37  Assimilator  
  35  3:46  Probe (Chrono Boost)  
  35  3:48  Probe (Chrono Boost)  
  37  3:51  Probe (Chrono Boost)  
  37  3:55  Probe  
  39  3:58  Stargate  
  39  4:02  Probe  
  40  4:07  Probe  
  41  4:14  Probe  
  42  4:18  Void Ray (Chrono Boost)  
  42  4:25  Pylon  
  46  4:32  Pylon  
  46  4:40  Void Ray (Chrono Boost)  
  46  4:43  Stalker, Probe x2  
  54  4:53  Pylon  
  54  4:55  Probe x2  
  56  5:02  Void Ray (Chrono Boost)  
  60  5:07  Probe x2  
  60  5:11  Zealot  
  64  5:15  Pylon  
  64  5:16  Pylon  
  64  5:18  Pylon  
  64  5:19  Probe  
  56  5:31  Void Ray  
  55  5:36  Shield Battery  
  57  5:42  Shield Battery  
  57  5:56  Stalker  
  36  6:18  Nexus  
  32  6:20  Pylon  
Show
View Real Time Build Order
Export as new Build Order

Faust Zerg 

Build Orders: Hatch First 

Get SALT Encoding   

  12  0:02  Drone  
  13  0:08  Drone  
  14  0:14  Extractor  
  14  0:15  Drone  
  14  0:23  Extractor, Drone  
  14  0:27  Overlord  
  16  0:50  Hatchery  
  16  0:54  Drone  
  16  0:58  Drone  
  17  1:13  Spawning Pool  
  17  1:15  Drone  
  17  1:35  Hatchery  
  16  1:42  Drone  
  17  1:47  Drone  
  17  1:48  Drone  
  17  1:54  Overlord  
  19  2:01  Queen  
  21  2:11  Queen  
  23  2:18  Drone x2  
  25  2:23  Extractor, Drone  
  25  2:25  Drone  
  25  2:29  Drone  
  27  2:32  Drone  
  27  2:34  Drone  
  27  2:36  Drone  
  30  2:45  Overlord  
  30  2:53  Queen  
  30  2:56  Drone x3  
  35  3:00  Drone x2  
  37  3:07  Drone  
  37  3:09  Drone  
  37  3:10  Extractor  
  39  3:12  Drone  
  39  3:13  Drone x2  
  39  3:16  Extractor  
  39  3:18  Extractor  
  39  3:19  Drone x3  
  42  3:21  Drone  
  42  3:24  Drone  
  44  3:27  Drone  
  44  3:32  Queen  
  44  3:33  Drone  
  48  3:45  Lair  
  48  3:50  Drone  
  48  3:51  Drone  
  48  3:52  Overlord  
  48  3:53  Overlord  
  50  4:02  Extractor  
  49  4:05  Extractor  
  48  4:12  Drone x3  
  48  4:13  Drone x3, Overlord  
  48  4:14  Drone  
  48  4:15  Drone x2  
  57  4:28  Drone x4  
  61  4:35  Drone  
  62  4:44  Zergling x22  
  67  4:55  Metabolic Boost  
  67  4:59  Spire  
  60  5:21  Spine Crawler  
  59  5:30  Drone x3  
  59  5:31  Zergling x2, Baneling Nest  
  59  5:32  Zergling x6  
  58  6:11  Overlord x3  
  58  6:13  Mutalisk x3  
Show
View Real Time Build Order
Export as new Build Order

Iceman Terran 

Build Orders:  

Get SALT Encoding   

  12  0:00  SCV  
  13  0:12  SCV  
  14  0:17  Supply Depot  
  14  0:24  SCV  
  15  0:39  SCV  
  15  0:41  Barracks  
  16  0:47  Supply Depot  
  16  0:51  SCV  
  17  1:03  SCV  
  18  1:05  Refinery  
  18  1:19  Barracks  
  18  1:29  Orbital Command  
  18  1:44  Refinery  
  18  1:49  Barracks Tech Lab  
  18  1:55  SCV  
  19  2:13  Factory  
  19  2:14  Marine x2  
  21  2:17  SCV  
  22  2:29  SCV  
  23  2:36  Barracks Reactor  
  23  2:38  Marine  
  23  2:42  SCV  
  25  2:46  Supply Depot  
  25  3:06  Barracks Tech Lab  
  25  3:08  SCV, Starport  
  25  3:11  Siege Tank  
  29  3:16  Marine x2  
  31  3:20  SCV  
  31  3:26  Marine  
  33  3:29  Stimpack  
  33  3:32  SCV  
  33  3:33  Marine  
  35  3:36  Engineering Bay  
  35  3:50  Siege Tank  
  35  3:51  Command Center  
  38  4:02  Supply Depot  
  38  4:15  Medivac  
  40  4:17  Marine x3  
  43  4:31  Siege Tank  
  46  4:36  SCV  
  47  5:00  Marine x3  
  47  5:01  Medivac  
  50  5:17  Marine  
  51  5:27  Marine x2  
  50  5:35  Marine  
  50  5:49  Marine x2  
  50  5:50  Medivac, Siege Tank  
  50  5:53  Marine  
  56  6:06  Marine  
  56  6:07  Marine  
  56  6:11  Marine  
  59  6:24  Marine x2  
  63  6:29  Marine  
Show
View Real Time Build Order
Export as new Build Order

MsVanG Protoss 

Build Orders:  

Get SALT Encoding   

  12  0:00  Probe  
  13  0:12  Probe  
  14  0:19  Pylon  
  14  0:24  Probe  
  15  0:37  Gateway, Probe  
  16  0:44  Assimilator  
  16  0:49  Probe (Chrono Boost)  
  17  1:00  Probe (Chrono Boost)  
  17  1:03  Gateway  
  18  1:10  Pylon  
  18  1:26  Cybernetics Core  
  18  1:44  Assimilator  
  18  1:49  Pylon, Probe  
  19  2:02  Probe  
  19  2:03  Stalker x2  
  19  2:04  Warp Gate (Chrono Boost)  
  24  2:14  Probe  
  24  2:26  Probe  
  25  2:34  Robotics Facility  
  25  2:38  Probe  
  25  2:42  Stalker  
  28  2:55  Pylon  
  28  3:01  Gateway  
  28  3:16  Pylon  
  32  3:22  Stalker (Chrono Boost)  
  32  3:23  Immortal (Chrono Boost)  
  34  3:29  Sentry (Chrono Boost)  
  36  3:42  Pylon  
  36  3:44  Shield Battery  
  36  3:59  Warp Prism  
  38  4:03  Sentry  
  40  4:16  Pylon  
  40  4:31  Pylon  
  40  4:33  Gateway  
  40  5:07  Stalker x2  
  40  5:08  Stalker  
  42  5:39  Stalker x3  
  44  6:05  Stalker x4  
  50  6:34  Stalker x3  
  50  6:35  Stalker  
Tags
 
Add a new tag
Caveats
  • Supply blocks, unpowered buildings, or Contaminate may cause inaccurate times.
  • Supply counts are checked every 10 seconds.